FIQ, neutral male scurrid Tourist ..` Hr. ... g @ @ @ FIQ the Rambler Experience level: 1 Strength: 11 Dexterity: 12 Constitution: 14 Intelligence: 12 Wisdom: 15 Charisma: 9 Health: 0(9) Energy: 2(2) Def: 0 Gold: 18 Moves: 58 Dungeon seed: J277NrMUpKJ_0xwI Game ID: FIQ_1498600942 Your Inventory: Coins $ - 18 gold pieces Weapons a - 50 uncursed +2 darts (in quiver) Armor e - an uncursed +0 Hawaiian shirt (being worn) Comestibles b - a cursed tin of spinach c - an uncursed chestnut d - a cursed pancake f - 2 uncursed food rations g - an uncursed egg h - 2 uncursed fortune cookies i - an uncursed orange j - an uncursed tripe ration Scrolls l - 4 uncursed scrolls of magic mapping q - an uncursed scroll of teleportation Potions k - 2 uncursed potions of extra healing r - a blessed potion of levitation Wands o - an uncursed wand of secret door detection (0:13) Tools m - an uncursed expensive camera (0:51) n - an uncursed credit card p - an uncursed tin opener Spells and supernatural/magical abilities: Name Level Category Fail Memory W - pray for help -- divine ? -- Your skills at the end: Miscellaneous Skills wands [Basic] Weapon Skills dart [Basic] Spellcasting Skills Final Attributes: You were devoutly aligned. You had infravision. You were very stealthy. You are dead. Voluntary challenges: You went without food. You did not adorn yourself with jewelry or accessories. You did not cause conflict. You were not invisible. You did not have reflection. You were not displaced. You were an atheist. You never hit with a wielded weapon. You were a pacifist. You did not use tools. You did not use plumbed fixtures. You did not drink any magical draughts. You were illiterate. You never genocided any monsters. You never polymorphed an object. You never changed form. You used no wishes. You never split a pudding. You never wrote Elbereth's name. You never violated your personal moral code. Dungeon overview: The Dungeons of Doom: levels 1 to 24 Level 1 a long staircase Level 2 Level 3 Level 4 Level 5 Level 6 Level 7 Level 8 a throne Level 9 Level 10 an altar to The Lady Level 11 Level 12 Level 13 Level 14 Level 15 Level 16 Level 17 Level 18 Level 19 Level 20 Level 21 Level 22 a sink Level 23 Level 24 <- You were here History has recorded: On T:1 you entered the Dungeons of Doom to retrieve the Amulet of Yendor! On T:4 you reached level 2 of The Dungeons of Doom. On T:7 you reached level 3 of The Dungeons of Doom. On T:9 you reached level 4 of The Dungeons of Doom. On T:11 you reached level 5 of The Dungeons of Doom. On T:13 you reached level 6 of The Dungeons of Doom. On T:16 you reached level 7 of The Dungeons of Doom. On T:18 you reached level 8 of The Dungeons of Doom. On T:20 you reached level 9 of The Dungeons of Doom. On T:22 you reached level 10 of The Dungeons of Doom. On T:26 you reached level 11 of The Dungeons of Doom. On T:28 you reached level 12 of The Dungeons of Doom. On T:31 you reached level 13 of The Dungeons of Doom. On T:33 you reached level 14 of The Dungeons of Doom. On T:35 you reached level 15 of The Dungeons of Doom. On T:37 you reached level 16 of The Dungeons of Doom. On T:40 you reached level 17 of The Dungeons of Doom. On T:42 you reached level 18 of The Dungeons of Doom. On T:42 you entered the Rogue tribute level. On T:44 you reached level 19 of The Dungeons of Doom. On T:48 you reached level 20 of The Dungeons of Doom. On T:50 you reached level 21 of The Dungeons of Doom. On T:52 you reached level 22 of The Dungeons of Doom. On T:55 you reached level 23 of The Dungeons of Doom. On T:57 you reached level 24 of The Dungeons of Doom. Score breakdown: Gold: 13 ( 1 points) Experience: 1 level ( 0 points) Exploration: 24 levels ( 690 points) Discoveries: 2 items ( 100 points) Variety of kills: 0 monsters ( 0 points) Major goal: (nothing yet) ( 0 points) Survival: died (score multiplied by 3) Total score: 2373 Latest messages: $ - 13 gold pieces. You start digging downward. You continue digging downward. You dig a pit in the floor. You continue digging downward. You dig a hole through the floor. You fall through... You start digging downward. You continue digging downward. You dig a pit in the floor. You continue digging downward. You dig a hole through the floor. You fall through... You start digging downward. You continue digging downward. You dig a pit in the floor. You continue digging downward. You dig a hole through the floor. You fall through... q - a scroll labeled KERNOD WEL. r - a cyan potion. The titan punches you! The titan casts a spell at you! You feel as if you need some help. You start digging downward. The titan punches you! You die... Final status: Aloha FIQ the Tourist, killed by a titan... You died in The Dungeons of Doom on dungeon level 24 with 2373 points, and 18 pieces of gold, after 58 moves. You were level 1 with a maximum of 9 hit points when you died.